OTTAWA Senators vs ANAHEIM Ducks

Created - 29 mars 2024 at 10:18

Goals
1 2 3 T
OTTAWA Senators 0 2 2 4
ANAHEIM Ducks 2 1 2 5
Shots
1 2 3 T
OTTAWA Senators 6 12 7 25
ANAHEIM Ducks 8 16 11 35

1st period

1. ANAHEIM Ducks , Viktor Arvidsson 29 (Ryan Pulock 33, Nathan MacKinnon 33) at 4:42
2. ANAHEIM Ducks , Nick Paul 17 (Justin Holl 16, Jeff Carter 16) at 7:31

Penalties :
K'Andre Miller (OTT) for Interference (Minor) at 8:04

2nd period

3. OTTAWA Senators , Connor McDavid 45 (K'Andre Miller 46, Mikko Rantanen 44) at 13:46
4. ANAHEIM Ducks , Ryan Pulock 11 (Brayden Point 32, Viktor Arvidsson 31) at 14:46
5. OTTAWA Senators , Dylan Strome 24 (Cale Makar 47, K'Andre Miller 47) at 18:59 (PP)

Penalties :
Nathan MacKinnon (ANA) for Tripping (Minor) at 0:15, K'Andre Miller (OTT) for Holding (Minor) at 0:15, Mark Giordano (ANA) for Roughing (Minor) at 17:36

3rd period

6. ANAHEIM Ducks , Viktor Arvidsson 30 (Nathan MacKinnon 34, Brett Pesce 29) at 2:54
7. OTTAWA Senators , Mikko Rantanen 30 (Cale Makar 48, Connor McDavid 53) at 5:15
8. ANAHEIM Ducks , Viktor Arvidsson 31 (Mark Giordano 31, Brayden Point 33) at 14:27
9. OTTAWA Senators , Mikko Rantanen 31 (Garnet Hathaway 11, Samuel Girard 38) at 17:53

Penalties :
K'Andre Miller (OTT) for Tripping (Minor) at 6:43, Justin Holl (ANA) for Fighting (Major) at 12:03, Garnet Hathaway (OTT) for Fighting (Major) at 12:03

Goalie Stats

Logan Thompson (OTT), 30 saves from 35 shots - (0,857), L, 39-17-4, 59:22 minutes
Philipp Grubauer (ANA), 21 saves from 25 shots - (0,840), W, 31-23-1, 60:00 minutes

Players Stats for OTTAWA Senators

Player Name              G  A  P  +/- PIM S  H  SB GA TA FO     MP     PP MP  PK MP  
------------------------------------------------------------------------------------
Anthony Duclair          0  0  0  -2  0   1  0  1  0  0  1/1    15:06   0:00   1:22 
Cale Makar               0  2  2   0  0   0  0  1  0  0  0/0    23:03   0:30   2:27 
Connor McDavid           1  1  2   0  0   3  3  0  0  0  14/32  23:54   0:53   1:47 
Dylan Strome             1  0  1  -2  0   3  2  0  0  0  16/27  23:54   0:30   0:00 
Garnet Hathaway          0  1  1   0  5   2  1  0  0  0  1/2    15:18   0:00   0:00 
J.J. Moser               0  0  0  -2  0   0  2  0  0  0  0/0    19:28   0:00   2:27 
K'Andre Miller           0  2  2   0  6   1  3  0  0  0  0/0    19:50   0:30   0:00 
Max Domi                 0  0  0   1  0   2  1  0  0  0  4/6    24:12   0:53   0:49 
Mikko Rantanen           2  1  3   1  0   9  5  0  0  0  1/3    27:20   0:53   1:47 
Nick Seeler              0  0  0  -1  0   0  2  0  0  0  0/0     6:18   0:00   0:01 
Oliver Wahlstrom         0  0  0  -2  0   0  0  0  0  0  5/8     8:44   0:00   1:22 
Rasmus Asplund           0  0  0   0  0   0  0  0  0  0  0/0     0:00   0:00   0:00 
Rasmus Sandin            0  0  0   0  0   0  0  1  0  0  0/0    19:55   0:53   1:30 
Samuel Girard            0  1  1   0  0   0  0  1  0  0  0/0    19:56   0:53   1:31 
Sean Durzi               0  0  0  -1  0   0  1  1  0  0  0/0    11:27   0:00   0:00 
Steven Lorentz           0  0  0   0  0   0  0  0  0  0  0/0     0:00   0:00   0:00 
Tyler Bertuzzi           0  0  0  -1  0   1  1  0  0  0  0/1    18:28   0:30   0:49 
Vladimir Tarasenko       0  0  0  -1  0   3  1  0  0  0  1/3    17:06   0:30   0:00 

Players Stats for ANAHEIM Ducks

Player Name              G  A  P  +/- PIM S  H  SB GA TA FO     MP     PP MP  PK MP  
------------------------------------------------------------------------------------
Artturi Lehkonen         0  0  0  -1  0   2  4  0  0  0  0/2    21:49   1:54   0:00 
Brayden Point            0  2  2   3  0   5  1  0  0  0  12/25  20:57   2:04   0:00 
Brett Pesce              0  1  1   2  0   1  1  0  0  0  0/0    22:13   2:04   0:51 
Chandler Stephenson      0  0  0  -1  0   1  1  0  0  0  0/0    22:40   1:54   1:07 
David Kampf              0  0  0   0  0   0  0  0  0  0  2/5     5:26   0:00   0:16 
Derick Brassard          0  0  0   0  0   1  0  0  0  0  1/1     5:10   0:00   0:00 
Elias Lindholm           0  0  0  -1  0   5  1  0  0  0  18/34  23:29   1:54   1:07 
Jeff Carter              0  1  1   0  0   0  0  0  0  0  4/11   10:31   0:00   0:00 
Joel Farabee             0  0  0   0  0   1  1  0  0  0  0/0    10:08   0:00   0:00 
Justin Holl              0  1  1   0  5   0  3  0  0  0  0/0    12:59   0:00   0:32 
MacKenzie Weegar         0  0  0   1  0   2  3  2  0  0  0/0    24:28   1:54   0:32 
Mark Giordano            0  1  1   1  2   0  3  0  0  0  0/0    23:55   1:54   0:00 
Nathan MacKinnon         0  2  2   3  2   5  5  0  0  0  0/0    19:58   2:04   0:00 
Nick Paul                1  0  1   0  0   2  2  0  0  0  0/0    10:24   0:00   0:16 
Ryan Lindgren            0  0  0  -1  0   0  2  2  0  0  0/0    15:55   0:00   0:51 
Ryan Pulock              1  1  2   1  0   6  0  0  0  0  0/0    20:28   2:04   0:00 
Viktor Arvidsson         3  1  4   3  0   4  2  0  0  0  2/3    20:55   2:04   0:00 
Warren Foegele           0  0  0   0  0   0  0  0  0  0  1/2     5:10   0:00   0:00 

3 Stars

1 - Viktor Arvidsson (ANA)
2 - Mikko Rantanen (OTT)
3 - Nathan MacKinnon (ANA)

Power Play

OTTAWA Senators - 1 on 1 Attempt(s) - 100,00%
ANAHEIM Ducks - 0 on 2 Attempt(s) - 0,00%

Penalty Kill

OTTAWA Senators - 2 on 2 Attempt(s) - 100,00% - Score 0 goal in Penalty Kill
ANAHEIM Ducks - 0 on 1 Attempt(s) - 0,00% - Score 0 goal in Penalty Kill

Team Stat

OTTAWA Senators - Hits : 22 - Faceoff Wins : 43 - Blocked Shots : 5 - Penalty Minutes : 11
ANAHEIM Ducks - Hits : 29 - Faceoff Wins : 40 - Blocked Shots : 4 - Penalty Minutes : 9

Official

Referees : Kyle Rehman and Chris Rooney
Linesman : Ryan Gibbons and Alexandra Clarke

Game Notes

Justin Holl and Garnet Hathaway fight to a draw at 12:03 of 3rd period
Viktor Arvidsson has scored a Hat Trick!

Finance

Level 1 -- Attendance: 4639 (77,32%) -- Ticket Income $463,900
Level 2 -- Attendance: 3949 (78,98%) -- Ticket Income $236,940
Level 3 -- Attendance: 2000 (100,00%) -- Ticket Income $70,000
Level 4 -- Attendance: 4000 (100,00%) -- Ticket Income $80,000
Luxury Box -- Attendance: 842 (84,20%) -- Ticket Income $168,400
Game was played at the Honda Center.
Total Attendance: 15430 (85,72%)
Total Ticket Income: $1,019,240
Other Income: $254,810
Total Income: $1,274,050

OTTAWA Senators

5 vs 5 Forward 
   Center                   Left Wing                Right Wing               Time % Phy DF OF 
 1 Connor McDavid           Max Domi                 Mikko Rantanen           40     1   2  2  
 2 Dylan Strome             Tyler Bertuzzi           Vladimir Tarasenko       30     1   2  2  
 3 Dylan Strome             Anthony Duclair          Garnet Hathaway          20     1   2  2  
 4 Max Domi                 Garnet Hathaway          Mikko Rantanen           10     1   2  2  

5 vs 5 Defense 
   Defense                  Defense                                           Time % Phy DF OF 
 1 Cale Makar               K'Andre Miller                                    40     1   2  2  
 2 Samuel Girard            Rasmus Sandin                                     30     1   2  2  
 3 Sean Durzi               J.J. Moser                                        20     1   2  2  
 4 Nick Seeler              J.J. Moser                                        10     1   2  2  

PowerPlay Forward 
   Center                   Left Wing                Right Wing               Time % Phy DF OF 
 1 Connor McDavid           Max Domi                 Mikko Rantanen           60     1   2  2  
 2 Dylan Strome             Tyler Bertuzzi           Vladimir Tarasenko       40     1   2  2  

PowerPlay Defense
   Defense                  Defense                                           Time % Phy DF OF 
 1 Cale Makar               K'Andre Miller                                    60     1   2  2  
 2 Samuel Girard            Rasmus Sandin                                     40     1   2  2  

Penalty Kill 4 Players Forward 
   Center                   Wing                     Time % Phy DF OF 
 1 Connor McDavid           Mikko Rantanen           60     1   2  2  
 2 Max Domi                 Tyler Bertuzzi           40     1   2  2  

Penalty Kill 4 Players Defense
   Defense                  Defense                  Time % Phy DF OF 
 1 Cale Makar               K'Andre Miller           60     1   2  2  
 2 Samuel Girard            Rasmus Sandin            40     1   2  2  

Penalty Kill - 3 Players Forward 
   Forward                                           Time % Phy DF OF 
 1 Connor McDavid                                    60     1   2  2  
 2 Mikko Rantanen                                    40     1   2  2  

Penalty Kill - 3 Players Defense
   Defense                  Defense                  Time % Phy DF OF 
 1 Cale Makar               K'Andre Miller           60     1   2  2  
 2 Samuel Girard            Rasmus Sandin            40     1   2  2  

4 vs 4 Forward 
   Center                   Wing                     Time % Phy DF OF 
 1 Connor McDavid           Mikko Rantanen           60     1   2  2  
 2 Dylan Strome             Tyler Bertuzzi           40     1   2  2  

4 vs 4 Defense
   Defense                  Defense                  Time % Phy DF OF 
 1 Cale Makar               K'Andre Miller           60     1   2  2  
 2 Samuel Girard            Rasmus Sandin            40     1   2  2  

Last Minutes Offensive
   Center                   Left Wing                Right Wing               Defense                  Defense                  
   Connor McDavid           Tyler Bertuzzi           Mikko Rantanen           Cale Makar               K'Andre Miller           

Last Minutes Defensive
   Center                   Left Wing                Right Wing               Defense                  Defense                  
   Connor McDavid           Garnet Hathaway          Mikko Rantanen           Cale Makar               K'Andre Miller           

Goaltenders
Starting : Logan Thompson           
Backup : Pheonix Copley           

Extra Forwards
Normal : Mikko Rantanen, Anthony Duclair, Oliver Wahlstrom - PP : Connor McDavid, Anthony Duclair - PK : Oliver Wahlstrom
Extra Defensemen
Normal : Sean Durzi, J.J. Moser, Nick Seeler - PP : Sean Durzi - PK : J.J. Moser, Nick Seeler
Penalty Shots
Connor McDavid, Mikko Rantanen, Max Domi, Dylan Strome, Tyler Bertuzzi

Scratches
Boris Katchouk (Healthy), Filip Zadina (Healthy)

ANAHEIM Ducks

5 vs 5 Forward 
   Center                   Left Wing                Right Wing               Time % Phy DF OF 
 1 Brayden Point            Viktor Arvidsson         Nathan MacKinnon         35     0   2  3  
 2 Elias Lindholm           Chandler Stephenson      Artturi Lehkonen         35     0   2  3  
 3 Jeff Carter              Nick Paul                Joel Farabee             20     1   2  2  
 4 David Kampf              Derick Brassard          Warren Foegele           10     1   3  1  

5 vs 5 Defense 
   Defense                  Defense                                           Time % Phy DF OF 
 1 Mark Giordano            MacKenzie Weegar                                  40     1   2  2  
 2 Ryan Pulock              Brett Pesce                                       35     1   2  2  
 3 Justin Holl              Ryan Lindgren                                     20     2   2  1  
 4 Mark Giordano            MacKenzie Weegar                                  5      2   2  1  

PowerPlay Forward 
   Center                   Left Wing                Right Wing               Time % Phy DF OF 
 1 Brayden Point            Viktor Arvidsson         Nathan MacKinnon         50     0   1  4  
 2 Elias Lindholm           Chandler Stephenson      Artturi Lehkonen         50     0   1  4  

PowerPlay Defense
   Defense                  Defense                                           Time % Phy DF OF 
 1 Mark Giordano            MacKenzie Weegar                                  60     0   1  4  
 2 Ryan Pulock              Brett Pesce                                       40     0   1  4  

Penalty Kill 4 Players Forward 
   Center                   Wing                     Time % Phy DF OF 
 1 Elias Lindholm           Chandler Stephenson      60     1   3  1  
 2 David Kampf              Nick Paul                40     1   3  1  

Penalty Kill 4 Players Defense
   Defense                  Defense                  Time % Phy DF OF 
 1 Brett Pesce              Ryan Lindgren            60     1   3  1  
 2 Justin Holl              MacKenzie Weegar         40     1   3  1  

Penalty Kill - 3 Players Forward 
   Forward                                           Time % Phy DF OF 
 1 Chandler Stephenson                               60     1   4  0  
 2 David Kampf                                       40     1   4  0  

Penalty Kill - 3 Players Defense
   Defense                  Defense                  Time % Phy DF OF 
 1 Brett Pesce              Ryan Lindgren            60     1   4  0  
 2 Justin Holl              MacKenzie Weegar         40     1   4  0  

4 vs 4 Forward 
   Center                   Wing                     Time % Phy DF OF 
 1 Elias Lindholm           Nathan MacKinnon         60     1   2  2  
 2 Chandler Stephenson      Brayden Point            40     1   2  2  

4 vs 4 Defense
   Defense                  Defense                  Time % Phy DF OF 
 1 Mark Giordano            MacKenzie Weegar         60     1   2  2  
 2 Ryan Pulock              Brett Pesce              40     1   2  2  

Last Minutes Offensive
   Center                   Left Wing                Right Wing               Defense                  Defense                  
   Elias Lindholm           Nathan MacKinnon         Brayden Point            Mark Giordano            MacKenzie Weegar         

Last Minutes Defensive
   Center                   Left Wing                Right Wing               Defense                  Defense                  
   Elias Lindholm           Chandler Stephenson      Artturi Lehkonen         Brett Pesce              Ryan Lindgren            

Goaltenders
Starting : Philipp Grubauer         
Backup : Brian Elliott            

Extra Forwards
Normal : Viktor Arvidsson, Artturi Lehkonen, Jeff Carter - PP : Viktor Arvidsson, Artturi Lehkonen - PK : Viktor Arvidsson
Extra Defensemen
Normal : Brett Pesce, Justin Holl, Ryan Lindgren - PP : Brett Pesce - PK : Brett Pesce, Justin Holl
Penalty Shots
Nathan MacKinnon, Elias Lindholm, Brayden Point, Chandler Stephenson, Viktor Arvidsson

Scratches
Nic Dowd (Healthy), Patrick Maroon (Healthy)

% Time on Ice - OTTAWA Senators

Lines # - Real PCT - Wanted PCT - Time Play
Normal Forward
1 - 37% - 40% - 19:04
2 - 30% - 30% - 15:32
3 - 27% - 20% - 13:44
4 - 7% - 10% - 3:26
Normal Defense
1 - 36% - 40% - 18:29
2 - 31% - 30% - 16:16
3 - 21% - 20% - 10:44
4 - 12% - 10% - 6:17
PP Forward
1 - 64% - 60% - 0:53
2 - 36% - 40% - 0:30
PP Defense
1 - 36% - 60% - 0:30
2 - 64% - 40% - 0:53
PK Forward
1 - 79% - 60% - 3:09
2 - 21% - 40% - 0:49
PK Defense
1 - 62% - 60% - 2:28
2 - 38% - 40% - 1:30
PK3 Forward
1 - 0% - 60%
2 - 0% - 40%
PK3 Defense
1 - 0% - 60%
2 - 0% - 40%
44 Forward
1 - 64% - 60% - 1:16
2 - 36% - 40% - 0:43
44 Defense
1 - 36% - 60% - 0:43
2 - 64% - 40% - 1:16
Last Minute Offensive  - 0:54
Last Minute Defensive  - 0:00
Total
Forward - 60:00
Defense - 60:00

% Time on Ice - ANAHEIM Ducks

Lines # - Real PCT - Wanted PCT - Time Play
Normal Forward
1 - 35% - 35% - 17:55
2 - 36% - 35% - 18:33
3 - 20% - 20% - 10:08
4 - 10% - 10% - 5:10
Normal Defense
1 - 40% - 40% - 20:31
2 - 31% - 35% - 16:11
3 - 28% - 20% - 14:41
4 - 1% - 5% - 0:23
PP Forward
1 - 52% - 50% - 2:04
2 - 48% - 50% - 1:54
PP Defense
1 - 48% - 60% - 1:54
2 - 52% - 40% - 2:04
PK Forward
1 - 81% - 60% - 1:07
2 - 19% - 40% - 0:16
PK Defense
1 - 61% - 60% - 0:51
2 - 39% - 40% - 0:32
PK3 Forward
1 - 0% - 60%
2 - 0% - 40%
PK3 Defense
1 - 0% - 60%
2 - 0% - 40%
44 Forward
1 - 71% - 60% - 1:24
2 - 29% - 40% - 0:35
44 Defense
1 - 57% - 60% - 1:08
2 - 43% - 40% - 0:51
Last Minute Offensive  - 0:00
Last Minute Defensive  - 0:54
Total
Forward - 60:00
Defense - 60:00

Play-by-Play

1st period


0:01 of 1st period - Viktor Arvidsson wins face-off versus Connor McDavid in neutral zone.
0:20 of 1st period - Mark Giordano is hit by Max Domi and loses puck.
0:35 of 1st period - Shot by Nathan MacKinnon.
0:35 of 1st period - Shot Misses the Net.
0:40 of 1st period - Icing by Mikko Rantanen.
0:41 of 1st period - Connor McDavid wins face-off versus Elias Lindholm in OTTAWA Senators zone.
0:43 of 1st period - Icing by K'Andre Miller.
0:44 of 1st period - Elias Lindholm wins face-off versus Connor McDavid in OTTAWA Senators zone.
1:01 of 1st period - Shot by Cale Makar.
1:01 of 1st period - Shot Misses the Net.
1:03 of 1st period - Shot by Max Domi.
1:03 of 1st period - Stopped by Philipp Grubauer without a rebound.
1:04 of 1st period - Jeff Carter wins face-off versus Dylan Strome in ANAHEIM Ducks zone.
1:57 of 1st period - Icing by Ryan Lindgren.
1:58 of 1st period - Max Domi wins face-off versus Jeff Carter in ANAHEIM Ducks zone.
2:30 of 1st period - Shot by Mikko Rantanen.
2:30 of 1st period - Stopped by Philipp Grubauer without a rebound.
2:31 of 1st period - Elias Lindholm wins face-off versus Garnet Hathaway in ANAHEIM Ducks zone.
2:42 of 1st period - Shot by Ryan Pulock.
2:42 of 1st period - Stopped by Logan Thompson without a rebound.
2:43 of 1st period - Derick Brassard wins face-off versus Dylan Strome in OTTAWA Senators zone.
3:02 of 1st period - Shot by Dylan Strome.
3:02 of 1st period - Shot Misses the Net.
4:15 of 1st period - Icing by J.J. Moser.
4:16 of 1st period - Connor McDavid wins face-off versus Brayden Point in OTTAWA Senators zone.
4:16 of 1st period - Connor McDavid is hit by Nathan MacKinnon.
4:19 of 1st period - Max Domi is hit by Nathan MacKinnon.
4:42 of 1st period - Shot by Viktor Arvidsson.
4:42 of 1st period - Goal by Viktor Arvidsson - OTTAWA Senators : 0 - ANAHEIM Ducks : 1.
4:43 of 1st period - Dylan Strome wins face-off versus Elias Lindholm in neutral zone.
5:08 of 1st period - Shot by Garnet Hathaway.
5:08 of 1st period - Stopped by Philipp Grubauer without a rebound.
5:09 of 1st period - Brayden Point wins face-off versus Vladimir Tarasenko in ANAHEIM Ducks zone.
5:51 of 1st period - Shot by Viktor Arvidsson.
5:51 of 1st period - Shot Misses the Net.
6:46 of 1st period - Elias Lindholm is hit by Connor McDavid and loses puck.
6:54 of 1st period - Connor McDavid is hit by Mark Giordano and loses puck.
6:57 of 1st period - Shot by Mikko Rantanen.
6:57 of 1st period - Shot Blocked by MacKenzie Weegar.
6:59 of 1st period - Shot by Mikko Rantanen.
6:59 of 1st period - Stopped by Philipp Grubauer without a rebound.
7:00 of 1st period - Oliver Wahlstrom wins face-off versus Jeff Carter in ANAHEIM Ducks zone.
7:31 of 1st period - Shot by Nick Paul.
7:31 of 1st period - Goal by Nick Paul - OTTAWA Senators : 0 - ANAHEIM Ducks : 2.
7:32 of 1st period - Brayden Point wins face-off versus Connor McDavid in neutral zone.
7:32 of 1st period - Brayden Point is hit by Mikko Rantanen.
8:00 of 1st period - Viktor Arvidsson is hit by K'Andre Miller and loses puck.
8:04 of 1st period - Minor Penalty to K'Andre Miller for Interference.
8:05 of 1st period - Connor McDavid wins face-off versus Elias Lindholm in OTTAWA Senators zone.
8:22 of 1st period - Connor McDavid is hit by Chandler Stephenson.
9:50 of 1st period - Icing by Nathan MacKinnon.
9:51 of 1st period - Brayden Point wins face-off versus Max Domi in ANAHEIM Ducks zone.
11:08 of 1st period - Shot by Mikko Rantanen.
11:08 of 1st period - Shot Misses the Net.
11:25 of 1st period - Samuel Girard is hit by Artturi Lehkonen.
11:31 of 1st period - Shot by Chandler Stephenson.
11:31 of 1st period - Stopped by Logan Thompson without a rebound.
11:32 of 1st period - Dylan Strome wins face-off versus Brayden Point in OTTAWA Senators zone.
11:45 of 1st period - Shot by Dylan Strome.
11:45 of 1st period - Shot Misses the Net.
12:05 of 1st period - Shot by Nathan MacKinnon.
12:05 of 1st period - Stopped by Logan Thompson with a rebound.
14:09 of 1st period - Icing by Samuel Girard.
14:10 of 1st period - Brayden Point wins face-off versus Oliver Wahlstrom in OTTAWA Senators zone.
14:37 of 1st period - Shot by Brayden Point.
14:37 of 1st period - Stopped by Logan Thompson without a rebound.
14:38 of 1st period - Vladimir Tarasenko wins face-off versus Jeff Carter in OTTAWA Senators zone.
14:49 of 1st period - Shot by Nick Paul.
14:49 of 1st period - Stopped by Logan Thompson without a rebound.
14:50 of 1st period - Connor McDavid wins face-off versus Elias Lindholm in OTTAWA Senators zone.
14:50 of 1st period - Sean Durzi is hit by Elias Lindholm.
15:33 of 1st period - Mikko Rantanen is hit by Brett Pesce and loses puck.
17:00 of 1st period - Shot by Anthony Duclair.
17:00 of 1st period - Stopped by Philipp Grubauer with a rebound.
17:54 of 1st period - Garnet Hathaway is hit by Ryan Lindgren.
18:11 of 1st period - Icing by Justin Holl.
18:12 of 1st period - Jeff Carter wins face-off versus Dylan Strome in ANAHEIM Ducks zone.
18:12 of 1st period - Jeff Carter is hit by Vladimir Tarasenko.
18:36 of 1st period - Shot by Dylan Strome.
18:36 of 1st period - Shot Misses the Net.
18:44 of 1st period - Shot by Elias Lindholm.
18:44 of 1st period - Stopped by Logan Thompson without a rebound.
18:45 of 1st period - Connor McDavid wins face-off versus David Kampf in OTTAWA Senators zone.
18:52 of 1st period - Shot by Mikko Rantanen.
18:52 of 1st period - Stopped by Philipp Grubauer without a rebound.
18:53 of 1st period - Connor McDavid wins face-off versus Elias Lindholm in ANAHEIM Ducks zone.
Goals for this period are 0 for OTTAWA Senators vs 2 for ANAHEIM Ducks.
Shots for this period are 6 for OTTAWA Senators vs 8 for ANAHEIM Ducks.

2nd period


0:01 of 2nd period - Brayden Point wins face-off versus Connor McDavid in neutral zone.
0:15 of 2nd period - Minor Penalty to Nathan MacKinnon for Tripping.
0:15 of 2nd period - Minor Penalty to K'Andre Miller for Holding.
0:16 of 2nd period - Elias Lindholm wins face-off versus Connor McDavid in OTTAWA Senators zone.
0:29 of 2nd period - Shot by Elias Lindholm.
0:29 of 2nd period - Shot Misses the Net.
0:40 of 2nd period - Shot by Connor McDavid.
0:40 of 2nd period - Shot Misses the Net.
0:42 of 2nd period - Shot by Mikko Rantanen.
0:42 of 2nd period - Shot Misses the Net.
0:44 of 2nd period - Shot by Connor McDavid.
0:44 of 2nd period - Shot Blocked by MacKenzie Weegar.
0:46 of 2nd period - Shot by Mikko Rantanen.
0:46 of 2nd period - Shot Misses the Net.
0:48 of 2nd period - Shot by Mikko Rantanen.
0:48 of 2nd period - Stopped by Philipp Grubauer without a rebound.
0:49 of 2nd period - Elias Lindholm wins face-off versus Connor McDavid in ANAHEIM Ducks zone.
1:08 of 2nd period - Shot by Mikko Rantanen.
1:08 of 2nd period - Stopped by Philipp Grubauer with a rebound.
1:10 of 2nd period - Shot by Mikko Rantanen.
1:10 of 2nd period - Shot Misses the Net.
1:22 of 2nd period - Shot by Artturi Lehkonen.
1:22 of 2nd period - Stopped by Logan Thompson with a rebound.
2:50 of 2nd period - Off-side.
2:51 of 2nd period - David Kampf wins face-off versus Connor McDavid in neutral zone.
3:09 of 2nd period - Shot by Max Domi.
3:09 of 2nd period - Stopped by Philipp Grubauer without a rebound.
3:10 of 2nd period - Brayden Point wins face-off versus Mikko Rantanen in ANAHEIM Ducks zone.
3:15 of 2nd period - Shot by Nathan MacKinnon.
3:15 of 2nd period - Shot Misses the Net.
3:25 of 2nd period - Shot by Brayden Point.
3:25 of 2nd period - Shot Misses the Net.
3:27 of 2nd period - Shot by Viktor Arvidsson.
3:27 of 2nd period - Shot Hit the Post.
3:29 of 2nd period - Shot by MacKenzie Weegar.
3:29 of 2nd period - Stopped by Logan Thompson with a rebound.
4:06 of 2nd period - Icing by Samuel Girard.
4:07 of 2nd period - Max Domi wins face-off versus Artturi Lehkonen in OTTAWA Senators zone.
4:29 of 2nd period - Icing by Ryan Pulock.
4:30 of 2nd period - Dylan Strome wins face-off versus Elias Lindholm in ANAHEIM Ducks zone.
4:31 of 2nd period - Shot by Vladimir Tarasenko.
4:31 of 2nd period - Shot Misses the Net.
4:55 of 2nd period - Shot by Elias Lindholm.
4:55 of 2nd period - Stopped by Logan Thompson without a rebound.
4:56 of 2nd period - Garnet Hathaway wins face-off versus Jeff Carter in OTTAWA Senators zone.
4:56 of 2nd period - Garnet Hathaway is hit by Nick Paul.
5:13 of 2nd period - Shot by Joel Farabee.
5:13 of 2nd period - Stopped by Logan Thompson without a rebound.
5:14 of 2nd period - Brayden Point wins face-off versus Connor McDavid in OTTAWA Senators zone.
5:17 of 2nd period - Shot by Brayden Point.
5:17 of 2nd period - Stopped by Logan Thompson with a rebound.
5:19 of 2nd period - Shot by Nathan MacKinnon.
5:19 of 2nd period - Shot Misses the Net.
5:27 of 2nd period - Shot by Viktor Arvidsson.
5:27 of 2nd period - Stopped by Logan Thompson without a rebound.
5:28 of 2nd period - Dylan Strome wins face-off versus Elias Lindholm in OTTAWA Senators zone.
5:39 of 2nd period - Brett Pesce is hit by Tyler Bertuzzi and loses puck.
5:56 of 2nd period - Off-side.
5:57 of 2nd period - Connor McDavid wins face-off versus Brayden Point in neutral zone.
6:17 of 2nd period - Brayden Point is hit by J.J. Moser and loses puck.
6:22 of 2nd period - Shot by Nathan MacKinnon.
6:22 of 2nd period - Stopped by Logan Thompson without a rebound.
6:23 of 2nd period - Elias Lindholm wins face-off versus Dylan Strome in OTTAWA Senators zone.
7:02 of 2nd period - Shot by Vladimir Tarasenko.
7:02 of 2nd period - Stopped by Philipp Grubauer with a rebound.
7:09 of 2nd period - Ryan Pulock is hit by K'Andre Miller and loses puck.
7:25 of 2nd period - Icing by MacKenzie Weegar.
7:26 of 2nd period - Connor McDavid wins face-off versus Brayden Point in ANAHEIM Ducks zone.
7:35 of 2nd period - Shot by Mikko Rantanen.
7:35 of 2nd period - Deflect By Connor McDavid.
7:35 of 2nd period - Shot Misses the Net.
7:54 of 2nd period - Icing by Rasmus Sandin.
7:55 of 2nd period - Jeff Carter wins face-off versus Connor McDavid in OTTAWA Senators zone.
8:37 of 2nd period - Shot by Justin Holl.
8:37 of 2nd period - Shot Blocked by Samuel Girard.
8:54 of 2nd period - Icing by Mark Giordano.
8:55 of 2nd period - Dylan Strome wins face-off versus Brayden Point in ANAHEIM Ducks zone.
9:28 of 2nd period - Cale Makar is hit by Nathan MacKinnon and loses puck.
10:02 of 2nd period - Icing by Vladimir Tarasenko.
10:03 of 2nd period - Elias Lindholm wins face-off versus Vladimir Tarasenko in OTTAWA Senators zone.
10:17 of 2nd period - Icing by Sean Durzi.
10:18 of 2nd period - Oliver Wahlstrom wins face-off versus Warren Foegele in OTTAWA Senators zone.
10:22 of 2nd period - J.J. Moser is hit by Justin Holl and loses puck.
10:41 of 2nd period - Shot by Sean Durzi.
10:41 of 2nd period - Shot Misses the Net.
10:43 of 2nd period - Shot by Vladimir Tarasenko.
10:43 of 2nd period - Stopped by Philipp Grubauer without a rebound.
10:44 of 2nd period - Elias Lindholm wins face-off versus Connor McDavid in ANAHEIM Ducks zone.
11:53 of 2nd period - Viktor Arvidsson is hit by Dylan Strome and loses puck.
12:16 of 2nd period - Shot by Brayden Point.
12:16 of 2nd period - Deflect By Nathan MacKinnon.
12:16 of 2nd period - Shot Blocked by Rasmus Sandin.
13:10 of 2nd period - Shot by Tyler Bertuzzi.
13:10 of 2nd period - Stopped by Philipp Grubauer without a rebound.
13:11 of 2nd period - Elias Lindholm wins face-off versus Connor McDavid in ANAHEIM Ducks zone.
13:11 of 2nd period - Brett Pesce is hit by Mikko Rantanen and loses puck.
13:16 of 2nd period - Shot by Mikko Rantanen.
13:16 of 2nd period - Stopped by Philipp Grubauer without a rebound.
13:17 of 2nd period - Elias Lindholm wins face-off versus Mikko Rantanen in ANAHEIM Ducks zone.
13:17 of 2nd period - Elias Lindholm is hit by Mikko Rantanen.
13:35 of 2nd period - Shot by Mikko Rantanen.
13:35 of 2nd period - Shot Misses the Net.
13:42 of 2nd period - Shot by Connor McDavid.
13:42 of 2nd period - Shot Misses the Net.
13:44 of 2nd period - Shot by K'Andre Miller.
13:44 of 2nd period - Shot Misses the Net.
13:46 of 2nd period - Shot by Connor McDavid.
13:46 of 2nd period - Goal by Connor McDavid - OTTAWA Senators : 1 - ANAHEIM Ducks : 2.
13:47 of 2nd period - Dylan Strome wins face-off versus Brayden Point in neutral zone.
13:56 of 2nd period - Shot by Vladimir Tarasenko.
13:56 of 2nd period - Stopped by Philipp Grubauer without a rebound.
13:57 of 2nd period - Dylan Strome wins face-off versus David Kampf in ANAHEIM Ducks zone.
14:00 of 2nd period - Shot by Garnet Hathaway.
14:00 of 2nd period - Stopped by Philipp Grubauer without a rebound.
14:01 of 2nd period - Dylan Strome wins face-off versus Elias Lindholm in ANAHEIM Ducks zone.
14:01 of 2nd period - Dylan Strome is hit by MacKenzie Weegar.
14:06 of 2nd period - Vladimir Tarasenko is hit by Mark Giordano and loses puck.
14:33 of 2nd period - Icing by K'Andre Miller.
14:34 of 2nd period - Dylan Strome wins face-off versus Brayden Point in OTTAWA Senators zone.
14:34 of 2nd period - Dylan Strome is hit by Brayden Point.
14:40 of 2nd period - Shot by Nathan MacKinnon.
14:40 of 2nd period - Shot Misses the Net.
14:44 of 2nd period - Shot by Viktor Arvidsson.
14:44 of 2nd period - Deflect By Brayden Point.
14:44 of 2nd period - Shot Misses the Net.
14:46 of 2nd period - Shot by Ryan Pulock.
14:46 of 2nd period - Goal by Ryan Pulock - OTTAWA Senators : 1 - ANAHEIM Ducks : 3.
14:47 of 2nd period - Warren Foegele wins face-off versus Connor McDavid in neutral zone.
14:47 of 2nd period - Warren Foegele is hit by Connor McDavid.
15:07 of 2nd period - Shot by David Kampf.
15:07 of 2nd period - Shot Misses the Net.
15:15 of 2nd period - Shot by Warren Foegele.
15:15 of 2nd period - Shot Misses the Net.
15:17 of 2nd period - Shot by Derick Brassard.
15:17 of 2nd period - Shot Misses the Net.
15:19 of 2nd period - Shot by Derick Brassard.
15:19 of 2nd period - Shot Misses the Net.
15:25 of 2nd period - Shot by Derick Brassard.
15:25 of 2nd period - Stopped by Logan Thompson without a rebound.
15:26 of 2nd period - Dylan Strome wins face-off versus Elias Lindholm in OTTAWA Senators zone.
15:26 of 2nd period - Dylan Strome is hit by Artturi Lehkonen.
15:55 of 2nd period - Shot by Elias Lindholm.
15:55 of 2nd period - Stopped by Logan Thompson without a rebound.
15:56 of 2nd period - Brayden Point wins face-off versus Connor McDavid in OTTAWA Senators zone.
15:57 of 2nd period - Shot by Nathan MacKinnon.
15:57 of 2nd period - Stopped by Logan Thompson with a rebound.
16:36 of 2nd period - Off-side.
16:37 of 2nd period - Elias Lindholm wins face-off versus Dylan Strome in neutral zone.
16:40 of 2nd period - Shot by Ryan Pulock.
16:40 of 2nd period - Stopped by Logan Thompson without a rebound.
16:41 of 2nd period - Elias Lindholm wins face-off versus Dylan Strome in OTTAWA Senators zone.
16:48 of 2nd period - Shot by Elias Lindholm.
16:48 of 2nd period - Stopped by Logan Thompson without a rebound.
16:49 of 2nd period - Elias Lindholm wins face-off versus Dylan Strome in OTTAWA Senators zone.
16:58 of 2nd period - Shot by Elias Lindholm.
16:58 of 2nd period - Stopped by Logan Thompson with a rebound.
17:00 of 2nd period - Shot by Elias Lindholm.
17:00 of 2nd period - Shot Misses the Net.
17:11 of 2nd period - Shot by Ryan Pulock.
17:11 of 2nd period - Stopped by Logan Thompson without a rebound.
17:12 of 2nd period - Connor McDavid wins face-off versus Brayden Point in OTTAWA Senators zone.
17:12 of 2nd period - Mikko Rantanen is hit by Nathan MacKinnon.
17:13 of 2nd period - Icing by Mikko Rantanen.
17:14 of 2nd period - Brayden Point wins face-off versus Connor McDavid in OTTAWA Senators zone.
17:36 of 2nd period - Minor Penalty to Mark Giordano for Roughing.
17:37 of 2nd period - Elias Lindholm wins face-off versus Dylan Strome in ANAHEIM Ducks zone.
17:50 of 2nd period - Shot by K'Andre Miller.
17:50 of 2nd period - Shot Blocked by Ryan Lindgren.
17:52 of 2nd period - Shot by Dylan Strome.
17:52 of 2nd period - Stopped by Philipp Grubauer without a rebound.
17:53 of 2nd period - Elias Lindholm wins face-off versus Connor McDavid in ANAHEIM Ducks zone.
18:55 of 2nd period - Shot by Cale Makar.
18:55 of 2nd period - Shot Misses the Net.
18:59 of 2nd period - Shot by Dylan Strome.
18:59 of 2nd period - Goal by Dylan Strome - OTTAWA Senators : 2 - ANAHEIM Ducks : 3.
19:00 of 2nd period - Anthony Duclair wins face-off versus Brayden Point in neutral zone.
19:05 of 2nd period - Shot by Dylan Strome.
19:05 of 2nd period - Shot Misses the Net.
19:15 of 2nd period - Shot by Brayden Point.
19:15 of 2nd period - Stopped by Logan Thompson with a rebound.
19:24 of 2nd period - Nathan MacKinnon is hit by Sean Durzi and loses puck.
Goals for this period are 2 for OTTAWA Senators vs 1 for ANAHEIM Ducks.
Shots for this period are 12 for OTTAWA Senators vs 16 for ANAHEIM Ducks.

3rd period


0:01 of 3rd period - Connor McDavid wins face-off versus Elias Lindholm in neutral zone.
0:27 of 3rd period - Mikko Rantanen is hit by MacKenzie Weegar and loses puck.
0:39 of 3rd period - Connor McDavid is hit by MacKenzie Weegar and loses puck.
1:13 of 3rd period - Rasmus Sandin is hit by Nathan MacKinnon and loses puck.
1:19 of 3rd period - Icing by Samuel Girard.
1:20 of 3rd period - Dylan Strome wins face-off versus Jeff Carter in OTTAWA Senators zone.
1:20 of 3rd period - Dylan Strome is hit by Nick Paul.
1:55 of 3rd period - Icing by Samuel Girard.
1:56 of 3rd period - Dylan Strome wins face-off versus Viktor Arvidsson in OTTAWA Senators zone.
2:21 of 3rd period - Shot by Nathan MacKinnon.
2:21 of 3rd period - Stopped by Logan Thompson without a rebound.
2:22 of 3rd period - Elias Lindholm wins face-off versus Max Domi in OTTAWA Senators zone.
2:27 of 3rd period - Shot by Elias Lindholm.
2:27 of 3rd period - Shot Misses the Net.
2:29 of 3rd period - Shot by Mark Giordano.
2:29 of 3rd period - Shot Misses the Net.
2:35 of 3rd period - Shot by Artturi Lehkonen.
2:35 of 3rd period - Stopped by Logan Thompson without a rebound.
2:36 of 3rd period - Connor McDavid wins face-off versus Brayden Point in OTTAWA Senators zone.
2:36 of 3rd period - Connor McDavid is hit by Viktor Arvidsson.
2:54 of 3rd period - Shot by Viktor Arvidsson.
2:54 of 3rd period - Goal by Viktor Arvidsson - OTTAWA Senators : 2 - ANAHEIM Ducks : 4.
2:55 of 3rd period - Elias Lindholm wins face-off versus Dylan Strome in neutral zone.
3:04 of 3rd period - Shot by Mark Giordano.
3:04 of 3rd period - Shot Blocked by Anthony Duclair.
3:31 of 3rd period - Shot by MacKenzie Weegar.
3:31 of 3rd period - Shot Misses the Net.
3:57 of 3rd period - Brayden Point is hit by Nick Seeler and loses puck.
4:02 of 3rd period - Shot by Nathan MacKinnon.
4:02 of 3rd period - Shot Misses the Net.
4:33 of 3rd period - Icing by J.J. Moser.
4:34 of 3rd period - Dylan Strome wins face-off versus Jeff Carter in OTTAWA Senators zone.
4:48 of 3rd period - Joel Farabee is hit by Mikko Rantanen and loses puck.
5:15 of 3rd period - Shot by Mikko Rantanen.
5:15 of 3rd period - Goal by Mikko Rantanen - OTTAWA Senators : 3 - ANAHEIM Ducks : 4.
5:16 of 3rd period - Elias Lindholm wins face-off versus Connor McDavid in neutral zone.
6:23 of 3rd period - Shot by Brayden Point.
6:23 of 3rd period - Stopped by Logan Thompson without a rebound.
6:24 of 3rd period - Dylan Strome wins face-off versus Jeff Carter in OTTAWA Senators zone.
6:24 of 3rd period - Tyler Bertuzzi is hit by Joel Farabee and loses puck.
6:30 of 3rd period - Icing by K'Andre Miller.
6:31 of 3rd period - Brayden Point wins face-off versus Dylan Strome in OTTAWA Senators zone.
6:43 of 3rd period - Minor Penalty to K'Andre Miller for Tripping.
6:44 of 3rd period - Elias Lindholm wins face-off versus Oliver Wahlstrom in OTTAWA Senators zone.
6:47 of 3rd period - Shot by Elias Lindholm.
6:47 of 3rd period - Shot Misses the Net.
6:57 of 3rd period - Shot by Elias Lindholm.
6:57 of 3rd period - Shot Misses the Net.
6:59 of 3rd period - Shot by Elias Lindholm.
6:59 of 3rd period - Shot Misses the Net.
7:01 of 3rd period - Shot by Elias Lindholm.
7:01 of 3rd period - Deflect By Artturi Lehkonen.
7:01 of 3rd period - Shot Misses the Net.
7:03 of 3rd period - Shot by Elias Lindholm.
7:03 of 3rd period - Shot Misses the Net.
7:15 of 3rd period - Shot by MacKenzie Weegar.
7:15 of 3rd period - Stopped by Logan Thompson without a rebound.
7:16 of 3rd period - Brayden Point wins face-off versus Connor McDavid in OTTAWA Senators zone.
7:21 of 3rd period - Shot by Brett Pesce.
7:21 of 3rd period - Stopped by Logan Thompson with a rebound.
7:23 of 3rd period - Shot by Brayden Point.
7:23 of 3rd period - Shot Hit the Post.
7:25 of 3rd period - Shot by Ryan Pulock.
7:25 of 3rd period - Stopped by Logan Thompson without a rebound.
7:26 of 3rd period - Mikko Rantanen wins face-off versus Brayden Point in OTTAWA Senators zone.
7:53 of 3rd period - Shot by Brayden Point.
7:53 of 3rd period - Shot Misses the Net.
8:20 of 3rd period - Mark Giordano is hit by Connor McDavid.
8:21 of 3rd period - Icing by Mark Giordano.
8:22 of 3rd period - Max Domi wins face-off versus Elias Lindholm in ANAHEIM Ducks zone.
8:50 of 3rd period - Dylan Strome is hit by Justin Holl and loses puck.
9:15 of 3rd period - Shot by Dylan Strome.
9:15 of 3rd period - Stopped by Philipp Grubauer with a rebound.
9:46 of 3rd period - Off-side.
9:47 of 3rd period - Connor McDavid wins face-off versus Elias Lindholm in neutral zone.
10:30 of 3rd period - Shot by Elias Lindholm.
10:30 of 3rd period - Shot Blocked by Sean Durzi.
10:52 of 3rd period - Shot by Brayden Point.
10:52 of 3rd period - Stopped by Logan Thompson with a rebound.
11:15 of 3rd period - Shot by Viktor Arvidsson.
11:15 of 3rd period - Shot Misses the Net.
11:17 of 3rd period - Shot by Brett Pesce.
11:17 of 3rd period - Shot Blocked by Cale Makar.
11:19 of 3rd period - Shot by Ryan Pulock.
11:19 of 3rd period - Stopped by Logan Thompson with a rebound.
11:28 of 3rd period - Icing by Cale Makar.
11:29 of 3rd period - Dylan Strome wins face-off versus David Kampf in OTTAWA Senators zone.
11:43 of 3rd period - Mikko Rantanen is hit by Justin Holl and loses puck.
11:48 of 3rd period - Shot by Samuel Girard.
11:48 of 3rd period - Shot Misses the Net.
11:50 of 3rd period - Shot by Rasmus Sandin.
11:50 of 3rd period - Shot Blocked by Ryan Lindgren.
12:03 of 3rd period - Justin Holl and Garnet Hathaway fight to a draw.
12:03 of 3rd period - Penalty to Justin Holl for Fighting.
12:03 of 3rd period - Penalty to Garnet Hathaway for Fighting.
12:04 of 3rd period - Oliver Wahlstrom wins face-off versus Elias Lindholm in ANAHEIM Ducks zone.
12:19 of 3rd period - Artturi Lehkonen is hit by J.J. Moser and loses puck.
12:49 of 3rd period - Icing by Nick Seeler.
12:50 of 3rd period - Brayden Point wins face-off versus Oliver Wahlstrom in OTTAWA Senators zone.
12:54 of 3rd period - Viktor Arvidsson is hit by Nick Seeler and loses puck.
13:05 of 3rd period - Shot by Nathan MacKinnon.
13:05 of 3rd period - Shot Misses the Net.
13:07 of 3rd period - Shot by Nathan MacKinnon.
13:07 of 3rd period - Stopped by Logan Thompson without a rebound.
13:08 of 3rd period - Jeff Carter wins face-off versus Connor McDavid in OTTAWA Senators zone.
13:36 of 3rd period - Mikko Rantanen is hit by Ryan Lindgren.
13:40 of 3rd period - Shot by Connor McDavid.
13:40 of 3rd period - Stopped by Philipp Grubauer without a rebound.
13:41 of 3rd period - Dylan Strome wins face-off versus Elias Lindholm in ANAHEIM Ducks zone.
13:41 of 3rd period - Samuel Girard is hit by Mark Giordano and loses puck.
13:55 of 3rd period - Icing by Samuel Girard.
13:56 of 3rd period - Oliver Wahlstrom wins face-off versus Brayden Point in OTTAWA Senators zone.
13:56 of 3rd period - Oliver Wahlstrom is hit by Viktor Arvidsson.
14:27 of 3rd period - Shot by Viktor Arvidsson.
14:27 of 3rd period - Goal by Viktor Arvidsson - OTTAWA Senators : 3 - ANAHEIM Ducks : 5.
14:28 of 3rd period - Connor McDavid wins face-off versus Elias Lindholm in neutral zone.
14:47 of 3rd period - Shot by Connor McDavid.
14:47 of 3rd period - Deflect By Mikko Rantanen.
14:47 of 3rd period - Stopped by Philipp Grubauer without a rebound.
14:48 of 3rd period - David Kampf wins face-off versus Dylan Strome in ANAHEIM Ducks zone.
14:48 of 3rd period - David Kampf is hit by Dylan Strome.
15:57 of 3rd period - J.J. Moser is hit by Artturi Lehkonen and loses puck.
16:26 of 3rd period - Dylan Strome is hit by Artturi Lehkonen and loses puck.
16:46 of 3rd period - Ryan Pulock is hit by K'Andre Miller and loses puck.
16:55 of 3rd period - Shot by Connor McDavid.
16:55 of 3rd period - Stopped by Philipp Grubauer with a rebound.
17:29 of 3rd period - Ryan Pulock is hit by Mikko Rantanen and loses puck.
17:37 of 3rd period - Icing by Viktor Arvidsson.
17:38 of 3rd period - Max Domi wins face-off versus Brayden Point in ANAHEIM Ducks zone.
17:53 of 3rd period - Shot by Mikko Rantanen.
17:53 of 3rd period - Goal by Mikko Rantanen - OTTAWA Senators : 4 - ANAHEIM Ducks : 5.
17:54 of 3rd period - Oliver Wahlstrom wins face-off versus Elias Lindholm in neutral zone.
17:57 of 3rd period - Mark Giordano is hit by Garnet Hathaway and loses puck.
19:05 of 3rd period - Off-side.
19:06 of 3rd period - Viktor Arvidsson wins face-off versus Tyler Bertuzzi in neutral zone.
19:22 of 3rd period - OTTAWA Senators, Logan Thompson is pulled from the net.
19:26 of 3rd period - Shot by Connor McDavid.
19:26 of 3rd period - Deflect By Mikko Rantanen.
19:26 of 3rd period - Shot Misses the Net.
19:28 of 3rd period - Shot by K'Andre Miller.
19:28 of 3rd period - Stopped by Philipp Grubauer without a rebound.
19:29 of 3rd period - Connor McDavid wins face-off versus Artturi Lehkonen in ANAHEIM Ducks zone.
Goals for this period are 2 for OTTAWA Senators vs 2 for ANAHEIM Ducks.
Shots for this period are 7 for OTTAWA Senators vs 11 for ANAHEIM Ducks. Output by the SimonT Hockey Simulator (STHS) for Martin Benoit - Original Page W3C HTML5 Valid
Hockey Simulator - Hockey Simulation - Hockey Manager